 Dungeon Crawl Stone Soup version 0.30-a0-364-gf6b3ef1049 (webtiles) character file.

Game seed: 947395492340412427

6 HolyTactitian the Grave Robber (level 1, 0/14 HPs)
             Began as a Ghoul Necromancer on Nov 14, 2022.
             Slain by a jackal (2 damage)
             ... on level 1 of the Dungeon on Nov 15, 2022.
             The game lasted 00:04:40 (363 turns).

HolyTactitian the Grave Robber (Ghoul Necromancer)   Turns: 363, Time: 00:04:41

Health: 0/14       AC:  3    Str: 11    XL:     1   Next: 90%
Magic:  0/2        EV: 11    Int: 10    God:
Gold:   0          SH:  0    Dex:  9    Spells: 2/3 levels left

rFire   . . .      SeeInvis .    i - +0 short sword
rCold   + . .      Faith    .    (no shield)
rNeg    + + +      Spirit   .    g - +0 leather armour
rPois   ∞          Reflect  .    (no helmet)
rElec   .          Harm     .    (no cloak)
rCorr   .          Rampage  .    (no gloves)
Will    .....                    (no boots)
Stlth   +.........               (no amulet)
HPRegen 0.00/turn                (no ring)
MPRegen 0.08/turn                (no ring)

@: inhibited regen
A: claws 1, cold resistance 1, negative energy resistance 3, inhibited
regeneration, torment resistance 2, devour on kill
a: no special abilities


You were on level 1 of the Dungeon.
You visited 1 branch of the dungeon, and saw 1 of its levels.

Inventory:

Hand Weapons
 c - a +0 spear
 i - a +0 short sword (weapon)
Armour
 a - a +0 robe
 g - a +0 leather armour (worn)
Scrolls
 e - a scroll of immolation {unknown}
 f - a scroll of vulnerability {unknown}
 h - a scroll of noise {unknown}
Potions
 b - a potion of magic
 d - a potion of degeneration {unknown}


   Skills:
 + Level 1.8 Dodging
 + Level 2.2 Stealth
 + Level 1.7 Spellcasting
 + Level 4.3 Necromancy


You had 2 spell levels left.
You knew the following spells:

 Your Spells              Type           Power      Damage    Failure   Level
a - Necrotise             Necr           36%        1d5       8%          1

Your spell library contained the following spells:

 Spells                   Type           Power      Damage    Failure   Level
 Vampiric Draining        Necr           9%         2d6       22%         3
 Animate Dead             Necr           9%         N/A       58%         4
 Agony                    Necr           9%         N/A       90%         5


Dungeon Overview and Level Annotations

Branches:
Dungeon (1/15)

Altars:


Innate Abilities, Weirdness & Mutations

You are immune to poison.
You have sharp fingernails.
Your flesh is cold resistant. (rC+)
You are immune to negative energy. (rN+++)
You do not regenerate when monsters are visible.
You are immune to unholy pain and torment.
You thrive by killing the living.


Message History

The kobold barely misses you.
The jackal bites you but does no damage.
You closely miss the jackal.
The jackal is moderately wounded.
The jackal bites you but does no damage.
The jackal closely misses you. The jackal completely misses you.
The kobold misses you.
You barely miss the jackal.
The jackal is moderately wounded.
The jackal misses you. The jackal barely misses you.
The jackal closely misses you. The kobold barely misses you.
The jackal barely misses you.
You hit the jackal but do no damage.
The jackal is moderately wounded.
The jackal misses you. The jackal bites you. The kobold barely misses you.
The jackal bites you. x2; The jackal barely misses you.
You hit the jackal but do no damage.
The jackal is moderately wounded.
The jackal bites you but does no damage. x2
The jackal bites you. The kobold hits you but does no damage.
You closely miss the jackal.
The jackal is moderately wounded.
The jackal barely misses you. The jackal closely misses you. x2
The kobold hits you with a +0 dagger. The jackal closely misses you.
The jackal bites you. x2
* * * LOW HITPOINT WARNING * * *
Aiming: Necrotise (safe; 8% risk of failure)
Press: ? - help, Q - select action Shift-Dir - straight line, f - jackal
Aim: a jackal (moderately wounded, chance to affect: 76%)
The jackal writhes in agony.
The jackal barely misses you. x2
The jackal bites you but does no damage.
The kobold barely misses you.
Aiming: Necrotise (safe; 8% risk of failure)
Press: ? - help, Q - select action Shift-Dir - straight line, f/p - jackal
Aim: a jackal (heavily wounded, chance to affect: 76%)
The jackal barely resists.
The jackal bites you but does no damage.
The jackal bites you.
You die...

#.# ..# #.# #.# #.# #.#
#.## #.# #..# # #.# ##†#
###.# #h# #.########
......#h#######.........
......h@h.......########
###.###K#######.# #..
..# #### ####


You could see 4 jackals and a kobold.

Vanquished Creatures
  A giant cockroach (D:1)
  2 jackals (D:1)
  A kobold (D:1)
  A ball python (D:1)
5 creatures vanquished.

Notes
Turn   | Place    | Note
-------+----------+-------------------------------------------
     0 | D:1      | HolyTactitian the Ghoul Necromancer began the quest for the
                  | Orb.
     0 | D:1      | Reached XP level 1. HP: 14/14 MP: 2/2
   363 | D:1      | Slain by a jackal

Illustrated notes

Levels and vault maps discovered:
D:1:      lemuel_arrival_room, layout_loops_ring, minmay_misc_feat_hallway,
          wander_ebering_terrifying_dragon_lair

Action                   || total
-------------------------++-------
Melee: Spear             ||    15
       Short sword       ||     7
       Punch             ||     1
 Cast: Necrotise         ||     4
 Stab: Sleeping          ||     1
Armor: Leather armour    ||     8
       Robe              ||     1
Dodge: Dodged            ||    39

Table legend: (Time is in decaauts)
 A = Elapsed time spent in this place.
 B = Non-inter-level travel time spent in this place.
 C = Inter-level travel time spent in this place.
 D = Time resting spent in this place.
 E = Time spent auto-exploring this place.
 F = Levels seen in this place.
 G = Mean time per level.
                   A        B        C        D        E       F      G
               +--------+--------+--------+--------+--------+-----+--------+
         Total |    363 |    363 |      0 |    143 |      0 |   1 |  363.0 |
       Dungeon |    363 |    363 |      0 |    143 |      0 |   1 |  363.0 |
               +--------+--------+--------+--------+--------+-----+--------+

Top non-repeatable levels by time:
     D:1: 363 daAuts
